MAA
NORTONVILLE CHEROKEES @ LANCASTER FARMERS
09/04/2019
 
TOP OF THE 1ST
Nortonville Cherokees batting - Pitching for Lancaster Farmers : RHP José Salinas
Pitching: RHP José Salinas
Batting: RHB Víctor López 0-0: Ball
1-0: Swinging Strike
1-1: SINGLE (Line Drive, 56D)
Batting: RHB Javier Chávez 0-0: Called Strike
0-1: Foul Ball, location: 2F
0-2: Ball
1-2: Fly out, F4 (Popup, 34D)
Batting: LHB Sergio Muñóz 0-0: Called Strike
Víctor López steals 2nd base
0-1: Ball
1-1: Swinging Strike
1-2: Ball
2-2: 2-RUN HOME RUN (Flyball, 9D), Distance : 377 ft
Batting: LHB Sam Good 0-0: Ball
1-0: Swinging Strike
1-1: Ball
2-1: Ball
3-1: Ground out 4-3 (Groundball, 34)
Batting: RHB Lane Hancock 0-0: Fly out, F5 (Popup, 5SF)
Top of the 1st over - 2 run(s), 2 hit(s), 0 error(s), 0 left on base; Nortonville 2 - Lancaster 0
BOTTOM OF THE 1ST
Lancaster Farmers batting - Pitching for Nortonville Cherokees : LHP Jim Unknown
Pitching: LHP Jim Unknown
Batting: RHB Fernando Castro 0-0: Called Strike
0-1: Ball
1-1: Swinging Strike
1-2: Hit by Pitch
Batting: RHB Fred Meyer 0-0: Called Strike
0-1: Swinging Strike
0-2: Foul Ball, location: 2F
0-2: Foul Ball, location: 2F
0-2: Ball
1-2: Strikes out swinging
Batting: RHB Jeffrey Avery 0-0: Ball
1-0: Ball
2-0: Called Strike
2-1: Foul Ball, location: 2F
2-2: Fielders Choice at 2nd, 5-4 (Groundball, 56)
Batting: RHB Jason Ruffin 0-0: Ball
1-0: Ball
2-0: SINGLE (Line Drive, 6D)
Jeffrey Avery to second
Batting: RHB Ray John 0-0: Ball
1-0: Swinging Strike
1-1: Fly out, F7 (Flyball, 78M)
Bottom of the 1st over - 0 run(s), 1 hit(s), 0 error(s), 2 left on base; Nortonville 2 - Lancaster 0
TOP OF THE 2ND
Nortonville Cherokees batting - Pitching for Lancaster Farmers : RHP José Salinas
Batting: RHB Chris Oudekirk 0-0: Ball
1-0: Swinging Strike
1-1: Ball
2-1: Called Strike
2-2: Foul Ball, location: 2F
2-2: Ground out 6-3 (Groundball, 56)
Batting: RHB Paco Vásquez 0-0: Ball
1-0: Fly out, F8 (Flyball, 89M)
Batting: LHB Sean Booth 0-0: Called Strike
0-1: Swinging Strike
0-2: SINGLE (Groundball, 5D)
Batting: RHB Armando Alvarado 0-0: Foul Ball, location: 2F
0-1: Foul Ball, location: 2F
0-2: Ball
1-2: Foul Ball, location: 2F
1-2: Ball
2-2: Ball
3-2: Ground out 4-3 (Groundball, 4)
Top of the 2nd over - 0 run(s), 1 hit(s), 0 error(s), 1 left on base; Nortonville 2 - Lancaster 0
BOTTOM OF THE 2ND
Lancaster Farmers batting - Pitching for Nortonville Cherokees : LHP Jim Unknown
Batting: RHB Bennett Bates 0-0: Ball
1-0: Called Strike
1-1: Ball
2-1: DOUBLE (Flyball, 7M)
Batting: RHB Chuck Wolf 0-0: Foul Ball, location: 2F
0-1: DOUBLE (Line Drive, 78M)
Bennett Bates scores
Batting: LHB Rob Wilson 0-0: Called Strike
0-1: Ball
1-1: Ball
2-1: Ball
3-1: SINGLE (Line Drive, 78M)
Chuck Wolf to third
Batting: RHB Jack Sloan 0-0: Ball
1-0: Foul Ball, location: 2F
1-1: Called Strike
1-2: Ball
2-2: Fielders Choice at 2nd, U6 (Groundball, 6M)
Chuck Wolf scores
Batting: RHB Fernando Castro 0-0: Called Strike
0-1: Ball
1-1: Ball
2-1: Swinging Strike
2-2: Ball
3-2: Strikes out swinging
Batting: RHB Fred Meyer 0-0: Ball
1-0: Called Strike
1-1: Fly out, F4 (Popup, 4)
Bottom of the 2nd over - 2 run(s), 3 hit(s), 0 error(s), 1 left on base; Nortonville 2 - Lancaster 2
TOP OF THE 3RD
Nortonville Cherokees batting - Pitching for Lancaster Farmers : RHP José Salinas
Batting: RHB Víctor López 0-0: Called Strike
0-1: Ground out 1-3 (Groundball, 13)
Batting: RHB Javier Chávez 0-0: Called Strike
0-1: Called Strike
0-2: Ball
1-2: Ball
2-2: Fly out, F8 (Popup, 8LS)
Batting: LHB Sergio Muñóz 0-0: Ball
1-0: Ball
2-0: Foul Ball, location: 2F
2-1: Ball
3-1: Foul Ball, location: 2F
3-2: Strikes out swinging
Top of the 3rd over - 0 run(s), 0 hit(s), 0 error(s), 0 left on base; Nortonville 2 - Lancaster 2
BOTTOM OF THE 3RD
Lancaster Farmers batting - Pitching for Nortonville Cherokees : LHP Jim Unknown
Batting: RHB Jeffrey Avery 0-0: Called Strike
0-1: Foul Ball, location: 2F
0-2: Ball
1-2: Ball
2-2: Ball
3-2: Strikes out looking
Batting: RHB Jason Ruffin 0-0: Called Strike
0-1: Foul Ball, location: 2F
0-2: Ball
1-2: Ground out 1-3 (Groundball, 13)
Batting: RHB Ray John 0-0: Ball
1-0: Ball
2-0: Called Strike
2-1: Ball
3-1: Called Strike
3-2: Foul Ball, location: 2F
3-2: SINGLE (Groundball, 34D)
Batting: RHB Bennett Bates 0-0: Ball
1-0: Ball
2-0: Foul Ball, location: 2F
2-1: Fly out, F3 (Popup, 3F)
Bottom of the 3rd over - 0 run(s), 1 hit(s), 0 error(s), 1 left on base; Nortonville 2 - Lancaster 2
TOP OF THE 4TH
Nortonville Cherokees batting - Pitching for Lancaster Farmers : RHP José Salinas
Batting: LHB Sam Good 0-0: Ground out 4-3 (Groundball, 4)
Pitching: LHP Cristóbal Méndez
Batting: RHB Lane Hancock 0-0: Ball
1-0: Reached on error, E5 (Groundball, 5S)
Batting: RHB Chris Oudekirk 0-0: Ball
1-0: Foul Ball, location: 2F
1-1: Ball
2-1: DOUBLE (Flyball, 89D)
Lane Hancock to third
Batting: RHB Paco Vásquez 0-0: Foul Ball, location: 2F
0-1: Ball
1-1: Ball
2-1: Foul Ball, location: 2F
2-2: Ball
3-2: Foul Ball, location: 2F
3-2: Foul Ball, location: 2F
3-2: Base on Balls
Batting: LHB Sean Booth 0-0: Ground out 3-1 (Groundball, 34)
Lane Hancock scores
Chris Oudekirk to third
Paco Vásquez to second
Batting: RHB Armando Alvarado 0-0: Foul Ball, location: 2F
0-1: Ball
1-1: Foul Ball, location: 2F
1-2: Strikes out swinging wild pitch, reaches first!
Chris Oudekirk scores
Paco Vásquez to third
Batting: RHB Víctor López 0-0: Ball
1-0: Foul Ball, location: 2F
1-1: Fielders Choice at 2nd, 5-4 (Groundball, 56)
Top of the 4th over - 2 run(s), 1 hit(s), 1 error(s), 1 left on base; Nortonville 4 - Lancaster 2
BOTTOM OF THE 4TH
Lancaster Farmers batting - Pitching for Nortonville Cherokees : LHP Jim Unknown
Batting: RHB Chuck Wolf 0-0: Called Strike
0-1: Ball
1-1: Foul Ball, location: 2F
Reached via error on a dropped throw, E1
Batting: LHB Rob Wilson 0-0: Called Strike
0-1: Foul Ball, location: 2F
0-2: Ball
1-2: Foul Ball, location: 2F
1-2: Foul Ball, location: 2F
1-2: Strikes out looking
Batting: RHB Jack Sloan 0-0: Called Strike
0-1: Ball
1-1: Called Strike
1-2: Fly out, F9 (Line Drive, 9M)
Batting: RHB Fernando Castro 0-0: Foul Ball, location: 2F
0-1: Ball
1-1: Ball
2-1: Ground out 5-3 (Groundball, 56)
Bottom of the 4th over - 0 run(s), 0 hit(s), 1 error(s), 1 left on base; Nortonville 4 - Lancaster 2
TOP OF THE 5TH
Nortonville Cherokees batting - Pitching for Lancaster Farmers : LHP Cristóbal Méndez
Batting: RHB Javier Chávez 0-0: Ball
1-0: Ball
2-0: SINGLE (Line Drive, 6MD)
Batting: LHB Sergio Muñóz 0-0: Ball
1-0: Swinging Strike
1-1: Ball
2-1: Foul Ball, location: 2F
2-2: Foul Ball, location: 2F
2-2: Strikes out swinging
Batting: LHB Sam Good 0-0: Ball
Javier Chávez steals 2nd base
1-0: Ball
2-0: Ball
3-0: Called Strike
3-1: Foul Ball, location: 2F
3-2: Strikes out swinging
Batting: RHB Lane Hancock 0-0: Swinging Strike
0-1: Ball
1-1: Foul Ball, location: 2F
1-2: Foul Ball, location: 2F
1-2: Fly out, F7 (Flyball, 7D)
Top of the 5th over - 0 run(s), 1 hit(s), 0 error(s), 1 left on base; Nortonville 4 - Lancaster 2
BOTTOM OF THE 5TH
Lancaster Farmers batting - Pitching for Nortonville Cherokees : LHP Jim Unknown
Batting: RHB Fred Meyer 0-0: Swinging Strike
0-1: Ball
1-1: Ball
2-1: Foul Ball, location: 2F
2-2: Ball
3-2: Strikes out swinging
Batting: RHB Jeffrey Avery 0-0: Ball
1-0: SOLO HOME RUN (Flyball, 7D), Distance : 404 ft
Batting: RHB Jason Ruffin 0-0: Called Strike
0-1: Foul Ball, location: 2F
0-2: Foul Ball, location: 2F
0-2: DOUBLE (Line Drive, 3L)
Batting: RHB Ray John 0-0: SINGLE (Groundball, 56D)
Jason Ruffin to third
Runner from 3rd tries for Home, SAFE, throw made home
Batting: RHB Bennett Bates 0-0: Ball
1-0: Called Strike
1-1: Ball
2-1: Foul Ball, location: 2F
2-2: Foul Ball, location: 2F
2-2: Ball
3-2: Foul Ball, location: 2F
3-2: Grounds into double play, 3-6-1 (Groundball, 3)
Bottom of the 5th over - 2 run(s), 3 hit(s), 0 error(s), 0 left on base; Nortonville 4 - Lancaster 4
TOP OF THE 6TH
Nortonville Cherokees batting - Pitching for Lancaster Farmers : LHP Cristóbal Méndez
Pitching: RHP Dan Riggs
Batting: RHB Chris Oudekirk 0-0: Foul Ball, location: 2F
0-1: Ball
1-1: Swinging Strike
1-2: Ball
2-2: Strikes out swinging
Batting: RHB Paco Vásquez 0-0: Ball
1-0: Called Strike
1-1: Called Strike
1-2: Ball
2-2: Ground out 5-3 (Groundball, 56)
Batting: LHB Sean Booth 0-0: Ball
1-0: Called Strike
1-1: Ball
2-1: Ball
3-1: Called Strike
3-2: Foul Ball, location: 2F
3-2: Base on Balls
Batting: RHB Armando Alvarado 0-0: Foul Ball, location: 2F
0-1: Fly out, F8 (Flyball, 8LXD)
Top of the 6th over - 0 run(s), 0 hit(s), 0 error(s), 1 left on base; Nortonville 4 - Lancaster 4
BOTTOM OF THE 6TH
Lancaster Farmers batting - Pitching for Nortonville Cherokees : LHP Jim Unknown
Batting: RHB Chuck Wolf 0-0: Ball
1-0: Ball
2-0: Foul Ball, location: 2F
2-1: Ball
3-1: Base on Balls
Pitching: RHP Deron Kuhn
Batting: LHB Rob Wilson 0-0: Sac Bunt - play at first, batter OUT! U3
Chuck Wolf to second
Batting: RHB Jack Sloan 0-0: Called Strike
0-1: Swinging Strike
0-2: Strikes out looking
Batting: RHB Fernando Castro 0-0: Ball
1-0: SINGLE (Line Drive, 7S)
Chuck Wolf to third
Throwing error, E7
Chuck Wolf scores
Fernando Castro to second
Batting: RHB Fred Meyer 0-0: Ball
1-0: Called Strike
1-1: Foul Ball, location: 2F
1-2: Ball
2-2: Ball
3-2: Fly out, F7 (Flyball, 78M)
Bottom of the 6th over - 1 run(s), 1 hit(s), 1 error(s), 1 left on base; Nortonville 4 - Lancaster 5
TOP OF THE 7TH
Nortonville Cherokees batting - Pitching for Lancaster Farmers : RHP Dan Riggs
Batting: RHB Víctor López 0-0: Called Strike
0-1: Ball
1-1: DOUBLE (Line Drive, 7LS)
Pinch Hitting: RHB Claudio Torres 0-0: Ball
1-0: Ball
2-0: Swinging Strike
2-1: Ball
3-1: Base on Balls
Batting: LHB Sergio Muñóz 0-0: Foul Ball, location: 2F
0-1: Fly out, F8 (Line Drive, 8RM)
Batting: LHB Sam Good 0-0: Fly out, F8 (Flyball, 8LD)
Runner from 2nd tags up, SAFE at 3rd with throw
Batting: RHB Lane Hancock 0-0: Ball
1-0: Ball
2-0: Called Strike
2-1: Ground out 1-3 (Groundball, 15)
Top of the 7th over - 0 run(s), 1 hit(s), 0 error(s), 2 left on base; Nortonville 4 - Lancaster 5
BOTTOM OF THE 7TH
Lancaster Farmers batting - Pitching for Nortonville Cherokees : RHP Deron Kuhn
Now at 1B: Claudio Torres
Batting: RHB Jeffrey Avery 0-0: Ball
1-0: Foul Ball, location: 2F
1-1: Called Strike
1-2: Ball
2-2: Ball
3-2: SINGLE (Groundball, 5L)
Batting: RHB Jason Ruffin 0-0: Ball
1-0: Foul Ball, location: 2F
1-1: Ball
2-1: Foul Ball, location: 2F
2-2: Foul Ball, location: 2F
2-2: Ball
3-2: Grounds into double play, 4-6-3 (Groundball, 34)
Batting: RHB Ray John 0-0: Ball
1-0: Ball
2-0: Called Strike
2-1: Ball
3-1: Base on Balls
Pinch Hitting: RHB Jim Unknown 0-0: Foul Ball, location: 2F
0-1: Fly out, F9 (Flyball, 89M)
Bottom of the 7th over - 0 run(s), 1 hit(s), 0 error(s), 1 left on base; Nortonville 4 - Lancaster 5
TOP OF THE 8TH
Nortonville Cherokees batting - Pitching for Lancaster Farmers : RHP Dan Riggs
Pitching: RHP David Tinker
Now at 3B: Jim Unknown
Batting: RHB Chris Oudekirk 0-0: Foul Ball, location: 2F
0-1: Foul Ball, location: 2F
0-2: Ball
1-2: Ball
2-2: Ball
3-2: Foul Ball, location: 2F
3-2: Foul Ball, location: 2F
3-2: SINGLE (Line Drive, 8LS)
Pitching: RHP Benjamin Booth
Batting: RHB Paco Vásquez 0-0: Sac Bunt - play at first, batter OUT! 1-4
Chris Oudekirk to second
Batting: LHB Sean Booth 0-0: Foul Ball, location: 2F
0-1: Swinging Strike
0-2: Foul Ball, location: 2F
0-2: Foul Ball, location: 2F
0-2: Strikes out swinging
Pinch Hitting: RHB Jean Lemaire 0-0: Ball
1-0: Called Strike
1-1: Ball
2-1: Foul Ball, location: 2F
2-2: Foul Ball, location: 2F
2-2: Ball
3-2: Base on Balls
Pinch Hitting: RHB Jim Unknown 0-0: Called Strike
0-1: Called Strike
0-2: Ball
1-2: Strikes out looking
Top of the 8th over - 0 run(s), 1 hit(s), 0 error(s), 2 left on base; Nortonville 4 - Lancaster 5
BOTTOM OF THE 8TH
Lancaster Farmers batting - Pitching for Nortonville Cherokees : RHP Deron Kuhn
Pitching: RHP Tobías Pérez
Now at 2B: Jim Unknown
Now at 3B: Jean Lemaire
Batting: RHB Chuck Wolf 0-0: Ball
1-0: SINGLE (Flyball, 8RS)
Pinch Hitting: SHB Christos Galpin 0-0: Ball
1-0: Ball
2-0: Called Strike
2-1: Ground out 4-3 (Groundball, 6MS)
Chuck Wolf to second
Batting: RHB Jack Sloan 0-0: Ground out 4-3 (Groundball, 34)
Chuck Wolf to third
Pinch Hitting: SHB Arturo Robles 0-0: Called Strike
0-1: Called Strike
0-2: Foul Ball, location: 2F
0-2: Ball
1-2: Ball
2-2: Ball
3-2: Ground out 4-3 (Groundball, 4)
Bottom of the 8th over - 0 run(s), 1 hit(s), 0 error(s), 1 left on base; Nortonville 4 - Lancaster 5
TOP OF THE 9TH
Nortonville Cherokees batting - Pitching for Lancaster Farmers : RHP Benjamin Booth
Pitching: RHP Ted Thompson
Now at 2B: Eric Howard
Now in LF: Arturo Robles
Batting: RHB Claudio Torres 0-0: Called Strike
0-1: Ball
1-1: Ball
2-1: Ball
3-1: Base on Balls
Batting: LHB Sergio Muñóz 0-0: Called Strike
0-1: Ball
1-1: Fly out, F5 (Popup, 5F)
Batting: LHB Sam Good 0-0: Called Strike
0-1: Foul Ball, location: 2F
0-2: Strikes out swinging
Batting: RHB Lane Hancock 0-0: Ball
1-0: Ball
2-0: Called Strike
2-1: Foul Ball, location: 2F
2-2: Foul Ball, location: 2F
2-2: Foul Ball, location: 2F
2-2: Foul Ball, location: 2F
2-2: DOUBLE (Line Drive, 7LM)
Claudio Torres to third
Runner from 3rd tries for Home, SAFE, no throw or cutoff
Batting: RHB Chris Oudekirk 0-0: Ball
1-0: Ball
2-0: Called Strike
2-1: Ball
3-1: Swinging Strike
3-2: Base on Balls
Pinch Hitting: RHB Thomas Morris 0-0: Called Strike
0-1: Ball
1-1: Ball
2-1: Called Strike
2-2: Ball
3-2: Base on Balls
Lane Hancock to third
Chris Oudekirk to second
Pinch Hitting: RHB Tom Tracy 0-0: Called Strike
0-1: Ball
1-1: Called Strike
1-2: Reached on error, E4 (Groundball, 34)
Lane Hancock scores
Chris Oudekirk to third
Thomas Morris to second
Batting: RHB Jean Lemaire 0-0: Ball
1-0: Ball
2-0: SINGLE (Line Drive, 8LS)
Chris Oudekirk scores
Thomas Morris to third
Tom Tracy to second
Runner from 3rd tries for Home, SAFE, no throw or cutoff
Pitching: RHP Craig Evans
Batting: RHB Jim Unknown 0-0: Foul Ball, location: 2F
0-1: Foul Ball, location: 2F
0-2: Reached on error, E5 (Groundball, 56)
Tom Tracy to third
Jean Lemaire to second
Batting: RHB Claudio Torres 0-0: Ball
1-0: Called Strike
1-1: Ball
2-1: Foul Ball, location: 2F
2-2: Strikes out looking
Top of the 9th over - 4 run(s), 2 hit(s), 2 error(s), 3 left on base; Nortonville 8 - Lancaster 5
BOTTOM OF THE 9TH
Lancaster Farmers batting - Pitching for Nortonville Cherokees : RHP Tobías Pérez
Pitching: LHP Santiago Mesa
Now at C: Louie McNeil
Now in LF: Tom Tracy
Now in CF: Edén Mont
Batting: RHB Fred Meyer 0-0: Ball
1-0: Ball
2-0: Fly out, F3 (Popup, 3L)
Batting: RHB Jeffrey Avery 0-0: Foul Ball, location: 2F
0-1: Ball
1-1: Fly out, F8 (Flyball, 8LXD)
Batting: RHB Jason Ruffin 0-0: SINGLE (Line Drive, 4D)
Batting: RHB Ray John 0-0: Called Strike
0-1: Foul Ball, location: 2F
0-2: Ball
1-2: Ball
2-2: Ball
3-2: Foul Ball, location: 2F
3-2: Ground out 5-3 (Groundball, 56)
Bottom of the 9th over - 0 run(s), 1 hit(s), 0 error(s), 1 left on base; Nortonville 8 - Lancaster 5
This league is powered by Out of the Park Baseball, the baseball management simulation game for PC, Mac and Linux
Saturday, July 25th, 2015 - OOTP Baseball 15.6 Build 34